Jets vs Flyers

Created - 18 octobre 2025 at 08:33

Goals
1 2 3 T
Jets 1 0 1 2
Flyers 0 0 1 1
Shots
1 2 3 T
Jets 9 10 11 30
Flyers 9 10 8 27

GoalsPenalties
1st period
1. Jets , Nikita Kucherov 1 (Anze Kopitar 3, Thomas Chabot 2) at 17:13
Ryan Strome (WPG) for Hooking (Minor) at 19:24
2nd period
No Goal
Dougie Hamilton (WPG) for Hooking (Minor) at 6:06
Corey Perry (PHI) for Holding (Minor) at 10:46
3rd period
2. Flyers , Rasmus Ristolainen 1 (Sean Monahan 2, Jesper Boqvist 2) at 4:29
3. Jets , Mathieu Olivier 1 (Tommy Novak 1, Thomas Chabot 3) at 15:04
Mark Scheifele (WPG) for High sticking (Minor) at 2:16
Garnet Hathaway (PHI) for Interference (Minor) at 7:13
Goalie Stats
Linus Ullmark (WPG), 26 saves from 27 shots - (0,963), W, 2-1-0, 60:00 minutes
John Gibson (PHI), 28 saves from 30 shots - (0,933), L, 2-1-1, 59:07 minutes
3 StarsOfficial
1 - Thomas Chabot (WPG)
2 - Linus Ullmark (WPG)
3 - Mathieu Olivier (WPG)
Referees : Graedy Hamilton and Jean Hebert
Linesman : Ali Beres and Shandor Alphonso
Game Note
No Game Note
Finance
Level 1 -- Attendance: 4996 (83%) -- Ticket Income $469,624
Level 2 -- Attendance: 4496 (90%) -- Ticket Income $247,280
Level 3 -- Attendance: 3272 (72%) -- Ticket Income $78,528
Level 4 -- Attendance: 3017 (75%) -- Ticket Income $60,340
Luxury Box -- Attendance: 961 (96%) -- Ticket Income $186,434
Game was played at the Wachovia Center.
Total Attendance: 16742 (82%)
Total Ticket Income: $1,042,206
Other Income: $312,662
Total Income: $1,354,868



Team Name Goals Shots Shots Attemp Shots Blocked PIM HIT PP PK FO%
Jets 23053126160 / 2 (0%)042%
Flyers 1275564120 / 3 (0%)058%

Jets
Player Name POS G A P +/- PIM HIT SHT SB MP PP MP PP SHT PK MP PK SHT FO% FOT GA TA
Adam KlapkaRW000101006:360:0000:0000% 000
Adam LarssonD0002001325:322:2603:4500% 000
Anze KopitarC0110013023:082:0003:44143% 3500
Christopher TanevD000-1001023:311:3202:1210% 011
Curtis LazarC/LW/RW0000010014:310:0001:29033% 310
Dougie HamiltonD0000200019:291:3200:0000% 010
Ilya LyubushkinD000-1000113:500:0002:1200% 000
Kirill KaprizovLW/RW0000011215:011:5800:0000% 110
Mark ScheifeleC000-1232015:201:5800:29057% 700
Martin NecasC/LW/RW0001004119:102:0000:000100% 100
Mathieu OlivierLW/RW101101317:220:0000:4600% 000
Matt GrzelcykD0000011110:570:0000:0000% 000
Nick FolignoC/LW000-1031017:230:0003:44030% 1000
Nikita KucherovRW1011004019:102:0000:0000% 011
Robert ThomasC/RW0000021015:481:5800:4710% 000
Ryan StromeC/LW/RW0000215013:560:0000:5500% 011
Thomas ChabotD0222012326:402:2603:4500% 011
Tommy NovakC/LW011100106:360:0000:00050% 200
Flyers
Player Name POS G A P +/- PIM HIT SHT SB MP PP MP PP SHT PK MP PK SHT FO% FOT GA TA
Anthony BeauvillierLW000-1024018:482:0701:0710% 001
Charlie CoyleC0000016021:203:5001:56058% 2600
Cole KoepkeLW/RW000-100218:000:0000:0000% 100
Corey PerryRW0000210019:233:5000:000100% 210
Drew DoughtyD000-1001119:101:4701:5100% 000
Garnet HathawayRW000-1230017:402:0700:0000% 000
Jacob Bernard-DockerD0001000011:050:0000:0000% 001
Jake MiddletonD000-1002019:101:4701:5100% 001
Jesper BoqvistC/LW/RW0111001010:570:0000:0000% 000
Kyle MacLeanC000-100218:000:0000:0000% 002
Mattias JanmarkC/LW/RW0001010010:570:0000:0000% 000
Mikael GranlundC000-1011018:132:0700:55067% 1800
Phil Di GiuseppeLW000-100128:510:0000:5110% 000
Quinn HughesD000-1002129:454:1012:0700% 001
Rasmus AnderssonD000-1021029:454:1002:0700% 000
Rasmus RistolainenD1011011011:050:0000:0000% 000
Rickard RakellLW/RW0000003021:203:5001:56050% 420
Sean MonahanC0111000012:310:0001:11038% 811

Jets

5 vs 5 Forward
Line #Left WingCenterRight WingPHYDFOFWanted %Time %Time Play
1Martin NecasAnze KopitarNikita Kucherov1133635%17:24
2Kirill KaprizovMark ScheifeleRobert Thomas0233225%12:40
3Curtis LazarNick FolignoRyan Strome1222926%13:02
4Mathieu OlivierTommy NovakAdam Klapka140313%6:36
5 vs 5 Defense
Line #DefenseDefensePHYDFOFWanted %Time %Time Play
1Thomas ChabotAdam Larsson1224038%18:58
2Dougie HamiltonChristopher Tanev1313538%18:39
3Ilya LyubushkinMatt Grzelcyk2302022%10:57
4Thomas ChabotChristopher Tanev02352%1:08
Power Play Forward
Line #Left WingCenterRight WingPHYDFOFWanted %Time %Time Play
1Martin NecasAnze KopitarNikita Kucherov0055050%2:00
2Kirill KaprizovMark ScheifeleRobert Thomas0055050%1:58
Power Play Defense
Line #DefenseDefensePHYDFOFWanted %Time %Time Play
1Thomas ChabotAdam Larsson0056061%2:26
2Dougie HamiltonChristopher Tanev0054039%1:32
Penalty Kill 4 Players Forward
Line #CenterWingPHYDFOFWanted %Time %Time Play
1Anze KopitarNick Foligno0506591%5:25
2Mark ScheifeleRobert Thomas050359%0:32
Penalty Kill 4 Players Defense
Line #DefenseDefensePHYDFOFWanted %Time %Time Play
1Thomas ChabotAdam Larsson0506563%3:45
2Ilya LyubushkinChristopher Tanev0503537%2:12
Penalty Kill 3 Players
Line #WingPHYDFOFWanted %Time %Time PlayDefenseDefensePHYDFOFWanted %Time %Time Play
1Anze Kopitar050600%0:00 Thomas ChabotAdam Larsson050600%0:00
2Robert Thomas050400%0:00 Ilya LyubushkinChristopher Tanev050400%0:00
4 vs 4 Forward
Line #CenterWingPHYDFOFWanted %Time %Time Play
1Anze KopitarNikita Kucherov113600%0:00
2Robert ThomasMartin Necas113400%0:00
4 vs 4 Defense
Line #DefensePHYDFOFWanted %Time %Time Play
1Thomas ChabotAdam Larsson113600%0:00
2Dougie HamiltonChristopher Tanev113400%0:00
Last Minutes Offensive
Left WingCenterRight WingDefenseDefense
Martin NecasAnze KopitarNikita KucherovThomas ChabotAdam Larsson
Last Minutes Defensive
Left WingCenterRight WingDefenseDefense
Nick FolignoAnze KopitarRobert ThomasAdam LarssonChristopher Tanev
Time
Total ForwardTotal DefenseLast Minutes OffensiveLast Minutes Defensive
60:00 60:00 0:000:23
Extra Forwards
Normal PowerPlayPenalty Kill
Robert Thomas, Kirill Kaprizov, Mark ScheifeleRobert Thomas, Mark ScheifeleAnze Kopitar
Extra Defensemen
Normal PowerPlayPenalty Kill
Thomas Chabot, Adam Larsson, Dougie HamiltonThomas Chabot, Adam LarssonChristopher Tanev
Penalty Shots
Nikita Kucherov, Mark Scheifele, Martin Necas, Kirill Kaprizov, Robert Thomas
Goalie
Linus Ullmark, Ville Husso
Scratches
None

Flyers

5 vs 5 Forward
Line #Left WingCenterRight WingPHYDFOFWanted %Time %Time Play
1Rickard RakellCharlie CoyleCorey Perry1224032%15:57
2Anthony BeauvillierMikael GranlundGarnet Hathaway1223030%15:11
3Jesper BoqvistSean MonahanMattias Janmark1222022%10:57
4Phil Di GiuseppeKyle MacLeanCole Koepke1221016%8:00
5 vs 5 Defense
Line #DefenseDefensePHYDFOFWanted %Time %Time Play
1Quinn HughesRasmus Andersson1224042%21:17
2Jake MiddletonDrew Doughty1223031%15:32
3Rasmus RistolainenJacob Bernard-Docker1222022%11:05
4Quinn HughesRasmus Andersson122104%2:11
Power Play Forward
Line #Left WingCenterRight WingPHYDFOFWanted %Time %Time Play
1Rickard RakellCharlie CoyleCorey Perry1226064%3:50
2Anthony BeauvillierMikael GranlundGarnet Hathaway1224036%2:07
Power Play Defense
Line #DefenseDefensePHYDFOFWanted %Time %Time Play
1Quinn HughesRasmus Andersson1226070%4:10
2Jake MiddletonDrew Doughty1224030%1:47
Penalty Kill 4 Players Forward
Line #CenterWingPHYDFOFWanted %Time %Time Play
1Rickard RakellCharlie Coyle1226077%3:03
2Mikael GranlundSean Monahan1224023%0:55
Penalty Kill 4 Players Defense
Line #DefenseDefensePHYDFOFWanted %Time %Time Play
1Quinn HughesRasmus Andersson1226053%2:07
2Jake MiddletonDrew Doughty1224047%1:51
Penalty Kill 3 Players
Line #WingPHYDFOFWanted %Time %Time PlayDefenseDefensePHYDFOFWanted %Time %Time Play
1Rickard Rakell122600%0:00 Quinn HughesRasmus Andersson122600%0:00
2Charlie Coyle122400%0:00 Jake MiddletonDrew Doughty122400%0:00
4 vs 4 Forward
Line #CenterWingPHYDFOFWanted %Time %Time Play
1Rickard RakellCharlie Coyle122600%0:00
2Mikael GranlundSean Monahan122400%0:00
4 vs 4 Defense
Line #DefensePHYDFOFWanted %Time %Time Play
1Quinn HughesRasmus Andersson122600%0:00
2Jake MiddletonDrew Doughty122400%0:00
Last Minutes Offensive
Left WingCenterRight WingDefenseDefense
Rickard RakellCharlie CoyleCorey PerryQuinn HughesRasmus Andersson
Last Minutes Defensive
Left WingCenterRight WingDefenseDefense
Rickard RakellCharlie CoyleCorey PerryQuinn HughesRasmus Andersson
Time
Total ForwardTotal DefenseLast Minutes OffensiveLast Minutes Defensive
60:00 60:00 0:000:00
Extra Forwards
Normal PowerPlayPenalty Kill
Jesper Boqvist, Mattias Janmark, Phil Di GiuseppeJesper Boqvist, Mattias JanmarkPhil Di Giuseppe
Extra Defensemen
Normal PowerPlayPenalty Kill
Rasmus Ristolainen, Jacob Bernard-Docker, Jake MiddletonRasmus Ristolainen, Jacob Bernard-DockerJake Middleton
Penalty Shots
Rickard Rakell, Charlie Coyle, Mikael Granlund, Sean Monahan, Anthony Beauvillier
Goalie
John Gibson, Matt Villalta
Scratches
None


Play-by-Play

1st period


0:01 of 1st period - Anze Kopitar wins face-off versus Charlie Coyle in neutral zone.
0:08 of 1st period - Snap shot by Nikita Kucherov.
0:08 of 1st period - Shot Blocked by Quinn Hughes.
3:03 of 1st period - Slapshot by Charlie Coyle.
3:03 of 1st period - Stopped by Linus Ullmark without a rebound.
3:04 of 1st period - Charlie Coyle wins face-off versus Nick Foligno in Jets zone.
3:11 of 1st period - Rickard Rakell is hit by Nick Foligno and loses puck.
4:20 of 1st period - Snap shot by Kirill Kaprizov.
4:20 of 1st period - Stopped by John Gibson without a rebound.
4:21 of 1st period - Mikael Granlund wins face-off versus Anze Kopitar in Flyers zone.
4:30 of 1st period - Snap shot by Anthony Beauvillier.
4:30 of 1st period - Stopped by Linus Ullmark with a rebound.
4:36 of 1st period - Slapshot by Nikita Kucherov.
4:36 of 1st period - Shot Misses the Net.
4:48 of 1st period - Christopher Tanev is hit by Corey Perry and loses puck.
5:14 of 1st period - Slapshot by Thomas Chabot.
5:14 of 1st period - Stopped by John Gibson without a rebound.
5:15 of 1st period - Mikael Granlund wins face-off versus Anze Kopitar in Flyers zone.
5:20 of 1st period - Anze Kopitar is hit by Garnet Hathaway and loses puck.
5:41 of 1st period - Rasmus Andersson is hit by Kirill Kaprizov and loses puck.
6:19 of 1st period - Backhand shot by Kirill Kaprizov.
6:19 of 1st period - Shot Blocked by Phil Di Giuseppe.
6:21 of 1st period - Slapshot by Dougie Hamilton.
6:21 of 1st period - Shot Blocked by Cole Koepke.
6:23 of 1st period - Snap shot by Dougie Hamilton.
6:23 of 1st period - Shot Blocked by Kyle MacLean.
6:25 of 1st period - Snap shot by Dougie Hamilton.
6:25 of 1st period - Shot Misses the Net.
6:29 of 1st period - Wrist shot by Kirill Kaprizov.
6:29 of 1st period - Shot Misses the Net.
6:39 of 1st period - Snap shot by Robert Thomas.
6:39 of 1st period - Shot Blocked by Phil Di Giuseppe.
7:03 of 1st period - Wrist shot by Jake Middleton.
7:03 of 1st period - Shot Blocked by Kirill Kaprizov.
7:20 of 1st period - Snap shot by Mark Scheifele.
7:20 of 1st period - Shot Misses the Net.
7:22 of 1st period - Snap shot by Mark Scheifele.
7:22 of 1st period - Stopped by John Gibson with a rebound.
7:45 of 1st period - Snap shot by Mark Scheifele.
7:45 of 1st period - Stopped by John Gibson without a rebound.
7:46 of 1st period - Corey Perry wins face-off versus Nick Foligno in Flyers zone.
8:01 of 1st period - Wrist shot by Rickard Rakell.
8:01 of 1st period - Stopped by Linus Ullmark without a rebound.
8:02 of 1st period - Mikael Granlund wins face-off versus Anze Kopitar in Jets zone.
8:29 of 1st period - Rasmus Andersson is hit by Adam Klapka and loses puck.
8:54 of 1st period - Snap shot by Charlie Coyle.
8:54 of 1st period - Stopped by Linus Ullmark without a rebound.
8:55 of 1st period - Charlie Coyle wins face-off versus Curtis Lazar in Jets zone.
8:56 of 1st period - Slapshot by Rickard Rakell.
8:56 of 1st period - Shot Blocked by Ilya Lyubushkin.
8:58 of 1st period - Wrist shot by Charlie Coyle.
8:58 of 1st period - Shot Misses the Net.
9:08 of 1st period - Wrist shot by Charlie Coyle.
9:08 of 1st period - Stopped by Linus Ullmark without a rebound.
9:09 of 1st period - Anze Kopitar wins face-off versus Charlie Coyle in Jets zone.
10:00 of 1st period - Thomas Chabot is hit by Rasmus Ristolainen and loses puck.
11:02 of 1st period - Snap shot by Charlie Coyle.
11:02 of 1st period - Stopped by Linus Ullmark with a rebound.
11:04 of 1st period - Slapshot by Drew Doughty.
11:04 of 1st period - Shot Misses the Net.
11:06 of 1st period - Snap shot by Corey Perry.
11:06 of 1st period - Deflect By Adam Larsson.
11:06 of 1st period - Shot Misses the Net.
11:06 of 1st period - Puck is out of play.
11:07 of 1st period - Sean Monahan wins face-off versus Anze Kopitar in Jets zone.
11:08 of 1st period - Slapshot by Quinn Hughes.
11:08 of 1st period - Deflect By Sean Monahan.
11:08 of 1st period - Shot Blocked by Matt Grzelcyk.
11:08 of 1st period - Puck is out of play.
11:09 of 1st period - Sean Monahan wins face-off versus Anze Kopitar in Jets zone.
11:36 of 1st period - Wrist shot by Nick Foligno.
11:36 of 1st period - Stopped by John Gibson without a rebound.
11:37 of 1st period - Charlie Coyle wins face-off versus Nick Foligno in Flyers zone.
12:42 of 1st period - Quinn Hughes is hit by Nick Foligno and loses puck.
12:58 of 1st period - Off-side.
12:59 of 1st period - Mikael Granlund wins face-off versus Anze Kopitar in neutral zone.
13:06 of 1st period - Slapshot by Mikael Granlund.
13:06 of 1st period - Deflect By Anthony Beauvillier.
13:06 of 1st period - Stopped by Linus Ullmark without a rebound.
13:07 of 1st period - Mikael Granlund wins face-off versus Anze Kopitar in Jets zone.
13:08 of 1st period - Snap shot by Anthony Beauvillier.
13:08 of 1st period - Shot Blocked by Martin Necas.
13:16 of 1st period - Snap shot by Nikita Kucherov.
13:16 of 1st period - Stopped by John Gibson without a rebound.
13:17 of 1st period - Mikael Granlund wins face-off versus Anze Kopitar in Flyers zone.
13:35 of 1st period - Off-side.
13:36 of 1st period - Mark Scheifele wins face-off versus Sean Monahan in neutral zone.
13:39 of 1st period - Wrist shot by Robert Thomas.
13:39 of 1st period - Shot Misses the Net.
15:36 of 1st period - Slapshot by Mikael Granlund.
15:36 of 1st period - Stopped by Linus Ullmark with a rebound.
15:45 of 1st period - Off-side.
15:46 of 1st period - Nick Foligno wins face-off versus Sean Monahan in neutral zone.
16:37 of 1st period - Snap shot by Jesper Boqvist.
16:37 of 1st period - Stopped by Linus Ullmark without a rebound.
16:38 of 1st period - Anze Kopitar wins face-off versus Mikael Granlund in Jets zone.
16:38 of 1st period - Anze Kopitar is hit by Garnet Hathaway.
16:48 of 1st period - Slapshot by Anze Kopitar.
16:48 of 1st period - Deflect By Nikita Kucherov.
16:48 of 1st period - Shot Hit the Post.
16:48 of 1st period - Puck is out of play.
16:49 of 1st period - Anze Kopitar wins face-off versus Mikael Granlund in Flyers zone.
16:56 of 1st period - Snap shot by Martin Necas.
16:56 of 1st period - Stopped by John Gibson without a rebound.
16:57 of 1st period - Anze Kopitar wins face-off versus Mikael Granlund in Flyers zone.
16:58 of 1st period - Wrist shot by Nikita Kucherov.
16:58 of 1st period - Stopped by John Gibson with a rebound.
17:00 of 1st period - Snap shot by Anze Kopitar.
17:00 of 1st period - Deflect By Martin Necas.
17:00 of 1st period - Shot Misses the Net.
17:00 of 1st period - Puck is out of play.
17:01 of 1st period - Mikael Granlund wins face-off versus Anze Kopitar in Flyers zone.
17:06 of 1st period - Adam Larsson is hit by Anthony Beauvillier and loses puck.
17:13 of 1st period - Wrist shot by Nikita Kucherov.
17:13 of 1st period - Deflect By Rasmus Andersson.
17:13 of 1st period - Goal by Nikita Kucherov - Jets : 1 - Flyers : 0.
17:14 of 1st period - Charlie Coyle wins face-off versus Anze Kopitar in neutral zone.
17:41 of 1st period - Garnet Hathaway is hit by Curtis Lazar and loses puck.
17:52 of 1st period - Slapshot by Ryan Strome.
17:52 of 1st period - Shot Misses the Net.
18:16 of 1st period - Snap shot by Quinn Hughes.
18:16 of 1st period - Shot Misses the Net.
19:24 of 1st period - Minor Penalty to Ryan Strome for Hooking.
19:25 of 1st period - Anze Kopitar wins face-off versus Charlie Coyle in Jets zone.
19:57 of 1st period - Anze Kopitar is hit by Garnet Hathaway and loses puck.
Goals for this period are 1 for Jets vs 0 for Flyers.
Shots for this period are 9 for Jets vs 9 for Flyers.

2nd period


0:01 of 2nd period - Anze Kopitar wins face-off versus Charlie Coyle in neutral zone.
0:06 of 2nd period - Snap shot by Anze Kopitar.
0:06 of 2nd period - Stopped by John Gibson without a rebound.
0:07 of 2nd period - Charlie Coyle wins face-off versus Anze Kopitar in Flyers zone.
0:36 of 2nd period - Slapshot by Rickard Rakell.
0:36 of 2nd period - Shot Blocked by Thomas Chabot.
0:55 of 2nd period - Slapshot by Curtis Lazar.
0:55 of 2nd period - Shot Misses the Net.
1:01 of 2nd period - Slapshot by Christopher Tanev.
1:01 of 2nd period - Deflect By Rasmus Andersson.
1:01 of 2nd period - Stopped by John Gibson with a rebound.
1:19 of 2nd period - Slapshot by Quinn Hughes.
1:19 of 2nd period - Deflect By Anthony Beauvillier.
1:19 of 2nd period - Shot Blocked by Mathieu Olivier.
1:19 of 2nd period - Puck is out of play.
1:20 of 2nd period - Curtis Lazar wins face-off versus Mikael Granlund in Jets zone.
1:20 of 2nd period - Curtis Lazar is hit by Mikael Granlund.
1:24 of 2nd period - Penalty to Ryan Strome is over, Ryan Strome is back on ice.
1:29 of 2nd period - Off-side.
1:30 of 2nd period - Mikael Granlund wins face-off versus Mark Scheifele in neutral zone.
1:40 of 2nd period - Snap shot by Garnet Hathaway.
1:40 of 2nd period - Shot Misses the Net.
1:42 of 2nd period - Wrist shot by Jake Middleton.
1:42 of 2nd period - Stopped by Linus Ullmark with a rebound.
1:44 of 2nd period - Slapshot by Jake Middleton.
1:44 of 2nd period - Stopped by Linus Ullmark without a rebound.
1:45 of 2nd period - Anze Kopitar wins face-off versus Sean Monahan in Jets zone.
4:01 of 2nd period - Rasmus Ristolainen is hit by Ryan Strome and loses puck.
4:20 of 2nd period - Wrist shot by Charlie Coyle.
4:20 of 2nd period - Stopped by Linus Ullmark with a rebound.
4:34 of 2nd period - Rasmus Ristolainen is hit by Robert Thomas and loses puck.
4:54 of 2nd period - Mikael Granlund is hit by Mathieu Olivier.
5:02 of 2nd period - Wrist shot by Quinn Hughes.
5:02 of 2nd period - Shot Misses the Net.
5:04 of 2nd period - Snap shot by Anthony Beauvillier.
5:04 of 2nd period - Stopped by Linus Ullmark without a rebound.
5:05 of 2nd period - Anze Kopitar wins face-off versus Charlie Coyle in Jets zone.
5:34 of 2nd period - Snap shot by Sean Monahan.
5:34 of 2nd period - Shot Misses the Net.
6:01 of 2nd period - Wrist shot by Phil Di Giuseppe.
6:01 of 2nd period - Shot Misses the Net.
6:03 of 2nd period - Snap shot by Kyle MacLean.
6:03 of 2nd period - Stopped by Linus Ullmark without a rebound.
6:04 of 2nd period - Anze Kopitar wins face-off versus Charlie Coyle in Jets zone.
6:06 of 2nd period - Minor Penalty to Dougie Hamilton for Hooking.
6:07 of 2nd period - Charlie Coyle wins face-off versus Anze Kopitar in Jets zone.
6:11 of 2nd period - Slapshot by Quinn Hughes.
6:11 of 2nd period - Stopped by Linus Ullmark without a rebound.
6:12 of 2nd period - Anze Kopitar wins face-off versus Charlie Coyle in Jets zone.
6:12 of 2nd period - Anze Kopitar is hit by Rasmus Andersson.
6:38 of 2nd period - Slapshot by Quinn Hughes.
6:38 of 2nd period - Shot Blocked by Thomas Chabot.
7:19 of 2nd period - Off-side.
7:20 of 2nd period - Mark Scheifele wins face-off versus Charlie Coyle in neutral zone.
7:33 of 2nd period - Snap shot by Robert Thomas.
7:33 of 2nd period - Stopped by John Gibson with a rebound.
8:06 of 2nd period - Penalty to Dougie Hamilton is over, Dougie Hamilton is back on ice.
8:53 of 2nd period - Jacob Bernard-Docker is hit by Anze Kopitar and loses puck.
9:20 of 2nd period - Christopher Tanev is hit by Charlie Coyle and loses puck.
9:38 of 2nd period - Snap shot by Jesper Boqvist.
9:38 of 2nd period - Shot Misses the Net.
9:53 of 2nd period - Off-side.
9:54 of 2nd period - Mark Scheifele wins face-off versus Mikael Granlund in neutral zone.
10:21 of 2nd period - Snap shot by Ryan Strome.
10:21 of 2nd period - Shot Misses the Net.
10:23 of 2nd period - Snap shot by Matt Grzelcyk.
10:23 of 2nd period - Stopped by John Gibson without a rebound.
10:24 of 2nd period - Charlie Coyle wins face-off versus Curtis Lazar in Flyers zone.
10:46 of 2nd period - Minor Penalty to Corey Perry for Holding.
10:47 of 2nd period - Rickard Rakell wins face-off versus Anze Kopitar in Flyers zone.
12:46 of 2nd period - Penalty to Corey Perry is over, Corey Perry is back on ice.
12:49 of 2nd period - Slapshot by Jake Middleton.
12:49 of 2nd period - Shot Blocked by Adam Larsson.
12:51 of 2nd period - Snap shot by Cole Koepke.
12:51 of 2nd period - Stopped by Linus Ullmark with a rebound.
12:53 of 2nd period - Slapshot by Cole Koepke.
12:53 of 2nd period - Stopped by Linus Ullmark with a rebound.
12:55 of 2nd period - Wrist shot by Jake Middleton.
12:55 of 2nd period - Shot Misses the Net.
13:03 of 2nd period - Drew Doughty is hit by Nick Foligno and loses puck.
13:16 of 2nd period - Wrist shot by Ryan Strome.
13:16 of 2nd period - Stopped by John Gibson without a rebound.
13:17 of 2nd period - Sean Monahan wins face-off versus Tommy Novak in Flyers zone.
13:26 of 2nd period - Wrist shot by Mathieu Olivier.
13:26 of 2nd period - Stopped by John Gibson with a rebound.
13:32 of 2nd period - Slapshot by Tommy Novak.
13:32 of 2nd period - Stopped by John Gibson without a rebound.
13:33 of 2nd period - Martin Necas wins face-off versus Rickard Rakell in Flyers zone.
13:42 of 2nd period - Wrist shot by Rickard Rakell.
13:42 of 2nd period - Stopped by Linus Ullmark without a rebound.
13:43 of 2nd period - Charlie Coyle wins face-off versus Anze Kopitar in Jets zone.
13:56 of 2nd period - Wrist shot by Charlie Coyle.
13:56 of 2nd period - Stopped by Linus Ullmark without a rebound.
13:57 of 2nd period - Charlie Coyle wins face-off versus Anze Kopitar in Jets zone.
14:28 of 2nd period - Slapshot by Thomas Chabot.
14:28 of 2nd period - Stopped by John Gibson without a rebound.
14:29 of 2nd period - Mikael Granlund wins face-off versus Nick Foligno in Flyers zone.
16:31 of 2nd period - Slapshot by Sean Monahan.
16:31 of 2nd period - Shot Misses the Net.
16:49 of 2nd period - Slapshot by Corey Perry.
16:49 of 2nd period - Shot Misses the Net.
17:11 of 2nd period - Slapshot by Ryan Strome.
17:11 of 2nd period - Stopped by John Gibson with a rebound.
17:25 of 2nd period - Snap shot by Rasmus Ristolainen.
17:25 of 2nd period - Deflect By Garnet Hathaway.
17:25 of 2nd period - Shot Blocked by Adam Larsson.
17:25 of 2nd period - Puck is out of play.
17:26 of 2nd period - Mikael Granlund wins face-off versus Anze Kopitar in Jets zone.
17:39 of 2nd period - Wrist shot by Martin Necas.
17:39 of 2nd period - Stopped by John Gibson without a rebound.
17:40 of 2nd period - Rickard Rakell wins face-off versus Anze Kopitar in Flyers zone.
18:07 of 2nd period - Quinn Hughes is hit by Mark Scheifele and loses puck.
19:40 of 2nd period - Jacob Bernard-Docker is hit by Robert Thomas and loses puck.
Goals for this period are 0 for Jets vs 0 for Flyers.
Shots for this period are 10 for Jets vs 10 for Flyers.

3rd period


0:01 of 3rd period - Anze Kopitar wins face-off versus Charlie Coyle in neutral zone.
0:26 of 3rd period - Quinn Hughes is hit by Mark Scheifele and loses puck.
0:33 of 3rd period - Backhand shot by Mark Scheifele.
0:33 of 3rd period - Shot Misses the Net.
0:35 of 3rd period - Slapshot by Dougie Hamilton.
0:35 of 3rd period - Shot Misses the Net.
0:37 of 3rd period - Slapshot by Kirill Kaprizov.
0:37 of 3rd period - Shot Misses the Net.
1:56 of 3rd period - Slapshot by Kyle MacLean.
1:56 of 3rd period - Stopped by Linus Ullmark with a rebound.
1:58 of 3rd period - Slapshot by Drew Doughty.
1:58 of 3rd period - Stopped by Linus Ullmark with a rebound.
2:06 of 3rd period - Snap shot by Jesper Boqvist.
2:06 of 3rd period - Shot Misses the Net.
2:16 of 3rd period - Minor Penalty to Mark Scheifele for High sticking.
2:17 of 3rd period - Anze Kopitar wins face-off versus Charlie Coyle in Jets zone.
2:48 of 3rd period - Anze Kopitar is hit by Anthony Beauvillier and loses puck.
4:16 of 3rd period - Penalty to Mark Scheifele is over, Mark Scheifele is back on ice.
4:25 of 3rd period - Wrist shot by Sean Monahan.
4:25 of 3rd period - Shot Misses the Net.
4:27 of 3rd period - Wrist shot by Sean Monahan.
4:27 of 3rd period - Shot Misses the Net.
4:29 of 3rd period - Slapshot by Rasmus Ristolainen.
4:29 of 3rd period - Goal by Rasmus Ristolainen - Jets : 1 - Flyers : 1.
4:30 of 3rd period - Charlie Coyle wins face-off versus Mark Scheifele in neutral zone.
4:59 of 3rd period - Slapshot by Quinn Hughes.
4:59 of 3rd period - Stopped by Linus Ullmark with a rebound.
5:01 of 3rd period - Slapshot by Rasmus Andersson.
5:01 of 3rd period - Shot Blocked by Adam Larsson.
5:21 of 3rd period - Curtis Lazar is hit by Mattias Janmark and loses puck.
5:51 of 3rd period - Adam Klapka is hit by Rasmus Andersson and loses puck.
6:35 of 3rd period - Wrist shot by Martin Necas.
6:35 of 3rd period - Stopped by John Gibson without a rebound.
6:36 of 3rd period - Nick Foligno wins face-off versus Charlie Coyle in Flyers zone.
7:13 of 3rd period - Minor Penalty to Garnet Hathaway for Interference.
7:14 of 3rd period - Mark Scheifele wins face-off versus Rickard Rakell in Flyers zone.
8:44 of 3rd period - Slapshot by Rasmus Andersson.
8:44 of 3rd period - Deflect By Anthony Beauvillier.
8:44 of 3rd period - Stopped by Linus Ullmark with a rebound.
8:46 of 3rd period - Wrist shot by Phil Di Giuseppe.
8:46 of 3rd period - Stopped by Linus Ullmark with a rebound.
9:13 of 3rd period - Penalty to Garnet Hathaway is over, Garnet Hathaway is back on ice.
9:26 of 3rd period - Anthony Beauvillier is hit by Matt Grzelcyk and loses puck.
10:41 of 3rd period - Off-side.
10:42 of 3rd period - Tommy Novak wins face-off versus Sean Monahan in neutral zone.
11:14 of 3rd period - Wrist shot by Nikita Kucherov.
11:14 of 3rd period - Shot Misses the Net.
11:20 of 3rd period - Snap shot by Nikita Kucherov.
11:20 of 3rd period - Deflect By Anze Kopitar.
11:20 of 3rd period - Shot Misses the Net.
11:20 of 3rd period - Puck is out of play.
11:21 of 3rd period - Mikael Granlund wins face-off versus Mark Scheifele in Flyers zone.
11:26 of 3rd period - Snap shot by Drew Doughty.
11:26 of 3rd period - Shot Blocked by Kirill Kaprizov.
11:35 of 3rd period - Off-side.
11:36 of 3rd period - Charlie Coyle wins face-off versus Anze Kopitar in neutral zone.
11:38 of 3rd period - Off-side.
11:39 of 3rd period - Charlie Coyle wins face-off versus Anze Kopitar in neutral zone.
11:44 of 3rd period - Snap shot by Rickard Rakell.
11:44 of 3rd period - Stopped by Linus Ullmark with a rebound.
12:30 of 3rd period - Wrist shot by Ryan Strome.
12:30 of 3rd period - Shot Misses the Net.
12:36 of 3rd period - Wrist shot by Ryan Strome.
12:36 of 3rd period - Stopped by John Gibson with a rebound.
12:49 of 3rd period - Icing by Quinn Hughes.
12:50 of 3rd period - Anze Kopitar wins face-off versus Cole Koepke in Flyers zone.
12:53 of 3rd period - Slapshot by Martin Necas.
12:53 of 3rd period - Stopped by John Gibson with a rebound.
13:39 of 3rd period - Icing by Anthony Beauvillier.
13:40 of 3rd period - Nick Foligno wins face-off versus Mikael Granlund in Flyers zone.
13:43 of 3rd period - Slapshot by Ryan Strome.
13:43 of 3rd period - Stopped by John Gibson without a rebound.
13:44 of 3rd period - Charlie Coyle wins face-off versus Anze Kopitar in Flyers zone.
14:11 of 3rd period - Anthony Beauvillier is hit by Mark Scheifele and loses puck.
15:00 of 3rd period - Wrist shot by Tommy Novak.
15:00 of 3rd period - Shot Blocked by Drew Doughty.
15:02 of 3rd period - Wrist shot by Mathieu Olivier.
15:02 of 3rd period - Stopped by John Gibson with a rebound.
15:04 of 3rd period - Snap shot by Mathieu Olivier.
15:04 of 3rd period - Goal by Mathieu Olivier - Jets : 2 - Flyers : 1.
15:05 of 3rd period - Corey Perry wins face-off versus Nick Foligno in neutral zone.
15:10 of 3rd period - Snap shot by Rasmus Andersson.
15:10 of 3rd period - Stopped by Linus Ullmark without a rebound.
15:11 of 3rd period - Charlie Coyle wins face-off versus Nick Foligno in Jets zone.
15:22 of 3rd period - Snap shot by Ryan Strome.
15:22 of 3rd period - Stopped by John Gibson without a rebound.
15:23 of 3rd period - Charlie Coyle wins face-off versus Nick Foligno in Flyers zone.
15:55 of 3rd period - Snap shot by Martin Necas.
15:55 of 3rd period - Deflect By Anze Kopitar.
15:55 of 3rd period - Stopped by John Gibson without a rebound.
15:56 of 3rd period - Anze Kopitar wins face-off versus Sean Monahan in Flyers zone.
16:07 of 3rd period - Snap shot by Anze Kopitar.
16:07 of 3rd period - Stopped by John Gibson with a rebound.
16:09 of 3rd period - Slapshot by Adam Larsson.
16:09 of 3rd period - Stopped by John Gibson with a rebound.
16:11 of 3rd period - Snap shot by Nikita Kucherov.
16:11 of 3rd period - Shot Misses the Net.
16:13 of 3rd period - Backhand shot by Nikita Kucherov.
16:13 of 3rd period - Stopped by John Gibson with a rebound.
16:28 of 3rd period - Slapshot by Quinn Hughes.
16:28 of 3rd period - Shot Blocked by Thomas Chabot.
17:59 of 3rd period - Snap shot by Mikael Granlund.
17:59 of 3rd period - Shot Misses the Net.
19:01 of 3rd period - Flyers, John Gibson is pulled from the net.
19:36 of 3rd period - Icing by Rasmus Andersson.
19:37 of 3rd period - John Gibson from Flyers was sent back in the game.
19:37 of 3rd period - Mikael Granlund wins face-off versus Kirill Kaprizov in Flyers zone.
19:37 of 3rd period - Mikael Granlund is hit by Thomas Chabot.
19:43 of 3rd period - Flyers, John Gibson is pulled from the net.
Goals for this period are 1 for Jets vs 1 for Flyers.
Shots for this period are 11 for Jets vs 8 for Flyers.